 Dungeon Crawl Stone Soup version 0.21-b1-23-g1fb0a74 (webtiles) character file.

280 mortelune the Digger (level 6, 0/49 HPs)
             Began as a Deep Dwarf Earth Elementalist on Jan 5, 2018.
             Slain by Duvessa
             ... wielding a +0 short sword
              (9 damage)
             ... on level 4 of the Dungeon.
             The game lasted 00:15:01 (3475 turns).

mortelune the Digger (DDEE)                         Turns: 3475, Time: 00:15:01

Health: 0/49       AC:  3    Str: 12    XL:     6   Next: 5%
Magic:  4/10       EV: 13    Int: 17    God:
Gold:   140        SH:  0    Dex: 13    Spells: 2/10 levels left

rFire    x . .     SeeInvis .   k - +2 dagger (flame)
rCold    + . .     Gourm    .   (no shield)
rNeg     . . .     Faith    .   c - +0 robe
rPois    .         Spirit   .   (no helmet)
rElec    .         Reflect  .   (no cloak)
rCorr    .         Harm     .   o - +0 pair of gloves
MR       .....                  (no boots)
Stlth    ++........             (no amulet)
HPRegen  0.00/turn              (no ring)
MPRegen  0.12/turn              r - ring of ice

@: non-regenerating
A: damage resistance, heal wounds, sense surroundings 1, no regeneration
a: Heal Wounds


You were on level 4 of the Dungeon.
You were not hungry.

You visited 1 branch of the dungeon, and saw 4 of its levels.

You collected 140 gold pieces.

Inventory:

Hand Weapons
 f - a +0 whip
 k - a +2 dagger of flaming (weapon)
Missiles
 b - 128 stones (quivered)
Armour
 c - a +0 robe (worn)
 g - a +1 ring mail of cold resistance
 o - a +0 pair of gloves (worn)
Jewellery
 r - a ring of ice (right hand)
Wands
 t - a wand of flame (28)
Scrolls
 h - a scroll of fear {unknown}
 j - a scroll of magic mapping {unknown}
 m - a scroll of random uselessness {unknown}
 n - a scroll of teleportation {unknown}
 u - a scroll of identify {unknown}
Potions
 a - 3 potions of lignification {unknown}
 i - 2 potions of heal wounds {unknown}
 l - 2 potions of agility {unknown}
 p - 2 potions of flight {unknown}
 q - 2 potions of curing {unknown}
 s - a potion of degeneration {unknown}
Books
 e - a book of Geomancy

   Spells                             Type                      Level
   a - Sandblast                      Earth                        1
   b - Passwall                       Transmutation/Earth          2
   c - Stone Arrow                    Conjuration/Earth            3
   d - Petrify                        Transmutation/Earth          4
   e - Lee's Rapid Deconstruction     Earth                        5
 v - a book of Necromancy

   Spells                             Type                      Level
   a - Pain                           Necromancy                   1
   b - Animate Skeleton               Necromancy                   1
   c - Vampiric Draining              Necromancy                   3
   d - Regeneration                   Charms/Necromancy            3
   e - Animate Dead                   Necromancy                   4
   f - Borgnjor's Vile Clutch         Necromancy/Earth             5
Comestibles
 d - 4 rations


   Skills:
 + Level 1.7 Armour
 - Level 3.0 Dodging
 - Level 2.4 Stealth
 + Level 2.9 Spellcasting
 + Level 1.3 Conjurations
 + Level 1.4 Necromancy
   Level 0.8 Transmutations
 * Level 6.5 Earth Magic


You had 2 spell levels left.
You knew the following spells:

 Your Spells              Type           Power        Failure   Level  Hunger
a - Sandblast             Erth           ###...       1%          1    #......
b - Stone Arrow           Conj/Erth      ###...       11%         3    ###....
c - Animate Skeleton      Necr           N/A          10%         1    #......
d - Vampiric Draining     Necr           #.........   28%         3    ###....


Dungeon Overview and Level Annotations

Branches:
Dungeon (4/15)
 Temple: D:4-7

Altars:
Ashenzari
Uskayaw

Annotations:
D:2 exclusion: downstairs
D:3 Sigmund
D:4 Duvessa; arkorax's ghost, amateur MiBe


Innate Abilities, Weirdness & Mutations

You are resistant to damage.
You can heal yourself by infusing magical energy.
You passively map a small area around you.
You do not regenerate.


Message History

Confirm with . or Enter, or press ? or * to list all spells.
Aiming: Sandblast
Press: ? - help, Shift-Dir - straight line, f - Duvessa
Aim: Duvessa, wielding a short sword and wearing a ring mail (berserk, fast, unusually strong)
The blast of sand hits Duvessa.
Duvessa is moderately wounded.
b - 129 stones Duvessa hits you with a short sword!
Arkorax's ghost moves out of view.
Duvessa hits you with a short sword!
* * * LOW HITPOINT WARNING * * *
Casting: Sandblast
Confirm with . or Enter, or press ? or * to list all spells.
Aiming: Sandblast
Press: ? - help, Shift-Dir - straight line, f/p - Duvessa
Aim: Duvessa, wielding a short sword and wearing a ring mail (moderately wounded, berserk, fast, unusually strong)
The blast of sand hits Duvessa.
Duvessa is heavily wounded.
b - 128 stones Duvessa hits you with a short sword!
You die...

* , #. '...... , * , ,#'
,#......* , , #....#.
#...... , #....#.
#......* ,,#....#.
#....(.* ,,, #....#. ,
'...... , ###+##....#.
#.....e######........##.
#......@.............#..
#......."............'..
#....................#..
#............###########
, .............+ ,, , ,
.######......# * ,
#......# ,, , ,*
#......# #### , #......#
....


You could see Duvessa (berserk).

Vanquished Creatures
  A phantom (D:4)
  Dowan (D:4)
  2 hounds
  Jessica (D:3)
  An adder (D:2)
  2 worms
  A dart slug (D:1)
  3 leopard geckos (D:2)
  An orc (D:3)
  4 giant cockroaches
  4 hobgoblins
  2 quokkas (D:2)
  A ball python (D:2)
  6 bats
  2 frilled lizards (D:2)
  3 goblins
  7 kobolds
  9 rats
51 creatures vanquished.

Notes
Turn   | Place    | Note
-------+----------+-------------------------------------------
     0 | D:1      | mortelune the Deep Dwarf Earth Elementalist began the quest for the Orb.
     0 | D:1      | Reached XP level 1. HP: 15/15 MP: 3/3
     4 | D:1      | Noticed an electric eel
     5 | D:1      | Noticed an electric eel
   305 | D:1      | Reached XP level 2. HP: 19/22 MP: 2/4
  1230 | D:2      | Found a hide-covered altar of Uskayaw.
  1394 | D:2      | Found a shattered altar of Ashenzari.
  1528 | D:2      | Reached XP level 3. HP: 24/28 MP: 6/6
  1546 | D:2      | Reached skill level 5 in Earth Magic
  1630 | D:2      | Learned a level 3 spell: Stone Arrow
  1920 | D:3      | Reached XP level 4. HP: 28/36 MP: 2/7
  2036 | D:3      | Noticed Jessica
  2209 | D:3      | Killed Jessica
  2334 | D:3      | Learned a level 1 spell: Animate Skeleton
  2404 | D:3      | Noticed Sigmund
  3028 | D:2      | Learned a level 3 spell: Vampiric Draining
  3195 | D:4      | Reached skill level 1 in Armour
  3195 | D:4      | Reached XP level 5. HP: 34/42 MP: 0/8
  3365 | D:4      | Noticed a phantom
  3379 | D:4      | Killed a phantom
  3379 | D:4      | Reached skill level 1 in Conjurations
  3379 | D:4      | Reached skill level 1 in Necromancy
  3379 | D:4      | Reached skill level 6 in Earth Magic
  3468 | D:4      | Noticed Dowan
  3470 | D:4      | Noticed Duvessa
  3473 | D:4      | Killed Dowan
  3473 | D:4      | Reached XP level 6. HP: 27/49 MP: 6/10
  3474 | D:4      | Noticed arkorax's ghost (amateur MiBe)
  3475 | D:4      | Slain by Duvessa

Skill      XL: |  1  2  3  4  5 |
---------------+----------------+-----
Spellcasting   | 2 |  2.9
Earth Magic    | 5 6 |  6.5
Dodging        | 3 |  3.0
Armour         | 1 |  1.7
Conjurations   | 1 |  1.3
Necromancy     | 1 |  1.4
Stealth        | |  2.4
Transmutations | |  0.8

Action                   |  1- 3 |  4- 6 || total
-------------------------+-------+-------++-------
Melee: Whip              |    10 |       ||    10
       Dagger            |    18 |     5 ||    23
 Cast: Sandblast         |    37 |    21 ||    58
       Stone Arrow       |     2 |    14 ||    16
       Animate Skeleton  |       |     3 ||     3
 Abil: Heal Wounds       |       |     1 ||     1
  Use: Scroll            |     2 |       ||     2
 Stab: Sleeping          |     2 |       ||     2
  Eat: Chunk             |     4 |     6 ||    10
Armor: Robe              |    17 |     3 ||    20
Dodge: Dodged            |    27 |    16 ||    43
